 Dungeon Crawl Stone Soup version 0.31.0-9-g3a7656b989 (webtiles) character file.

Game seed: 6462479708188716075

4732 qw the Skirmisher (level 10, -5/60 HPs)
             Began as a Deep Elf Hunter on Feb 2, 2024.
             Was a Believer of Okawaru.
             Slain by a yak (10 damage)
             ... on level 9 of the Dungeon.
             The game lasted 00:00:52 (7418 turns).

qw the Skirmisher (Deep Elf Hunter)                 Turns: 7418, Time: 00:00:52

Health: -5/60      AC: 16    Str: 12    XL:     10   Next: 22%
Magic:  14/15      EV: 23    Int: 15    God:    Okawaru [**....]
Gold:   635        SH:  0    Dex: 18    Spells: 9/9 levels left

rFire   + . .        a - +0 shortbow (freeze)
rCold   . . .        (shield currently unavailable)
rNeg    . . .        l - +2 ring mail
rPois   +            q - +0 helmet
rElec   .            (no cloak)
rCorr   .            k - +2 pair of gloves of Undesirable Species {rPois}
SInv    .            n - +2 pair of boots
Will    +....        (no amulet)
Stlth   +++          e - ring of protection from fire
HPRegen 0.30/turn    o - +5 ring of evasion
MPRegen 0.14/turn

%: no passive effects
@: heroic
A: no striking features
a: Renounce Religion, Heroism


You were on level 9 of the Dungeon.
You worshipped Okawaru.
Okawaru was pleased with you.
You visited 2 branches of the dungeon, and saw 10 of its levels.
You also visited: Sewer.

You collected 635 gold pieces.


   Skills:
 + Level 5.8(10.8) Fighting
 - Level 14.0(19.0) Ranged Weapons
 - Level 3.1(8.1) Armour
 - Level 8.0(13.0) Dodging
 - Level 1.2(6.2) Stealth
 - Level 4.9 Invocations


You had 9 spell levels left.
You didn't know any spells.
Your spell library was empty.

Inventory:

Hand Weapons
 a - a +0 shortbow of freezing (weapon)
Armour
 k - the +2 pair of gloves of Undesirable Species (worn) {rPois}
   (You found it on level 5 of the Dungeon)

   rPois:     It protects you from poison
 l - a +2 ring mail (worn)
 n - a +2 pair of boots (worn)
 q - a +0 helmet (worn)
Jewellery
 e - a ring of protection from fire (left hand)
 o - a +5 ring of evasion (right hand)
 s - a ring of ice
Wands
 c - a wand of mindburst (7)
 f - a wand of light (7)
 g - a wand of iceblast (8)
 m - a wand of polymorph (7)
Scrolls
 p - a scroll of identify
 r - a scroll of vulnerability {unknown}
Potions
 b - a potion of resistance {unknown}
 d - 2 potions of enlightenment
 h - a potion of magic
 i - 4 potions of curing
 j - 2 potions of might

Dungeon Overview and Level Annotations

Branches:
Dungeon (9/15)             Temple (1/1) D:6             Orc (0/2) D:9
  Sewer (visited)
   Lair: D:8-11

Altars:
Ashenzari
Cheibriados
Elyvilon
Fedhas
Gozag
Hepliaklqana
Kikubaaqudgha
Makhleb
Okawaru
Qazlal
Ru
Trog
Uskayaw
Vehumet
Wu Jian
Xom
Yredelemnul
The Shining One

Portals:
Bailey: D:7

Annotations:
D:6 2 runed translucent doors, Crazy Yiuf; qw's ghost, novice GrHu


Message History

The yak is moderately wounded.
The yak barely misses you.
You shoot an arrow.
The arrow hits the two-headed ogre but does no damage.
The two-headed ogre is lightly wounded.
The yak barely misses you. The two-headed ogre misses you.
The two-headed ogre hits you with a +0 giant club.
The yak gores you!
You shoot an arrow.
The arrow hits the two-headed ogre but does no damage.
The two-headed ogre is lightly wounded.
The two-headed ogre is no longer blind.
The yak gores you but does no damage. The yak completely misses you.
You shoot an arrow. The arrow hits the two-headed ogre.
The arrow freezes the two-headed ogre.
The two-headed ogre is lightly wounded.
The two-headed ogre hits you with a +0 giant club!!
The two-headed ogre barely misses you. The yak barely misses you.
The yak gores you!
You shoot an arrow.
The arrow hits the two-headed ogre but does no damage.
The two-headed ogre is lightly wounded.
The two-headed ogre barely misses you.
The two-headed ogre hits you with a +0 giant club!
The yak barely misses you.
You shoot an arrow. The arrow hits the two-headed ogre!
The arrow freezes the two-headed ogre.
The two-headed ogre is moderately wounded.
The yak closely misses you.
You shoot an arrow.
The arrow barely misses the two-headed ogre.
The arrow hits the yak!
The arrow freezes the yak.
The yak is heavily wounded.
The yak closely misses you. The yak misses you. The two-headed ogre misses you.
The two-headed ogre closely misses you.
You shoot an arrow.
The arrow hits the two-headed ogre but does no damage.
The two-headed ogre is moderately wounded.
The yak completely misses you. The yak gores you!
You die...

###### #....#
#....+ #....# ...
#$... ... ... ###
.... #'###....
..... #####Y.....#
...).###.).@OY....+
.......#.#.#Y.....#
#...#...######
##.#+#..# #..# #..#
##.## ##.# #..# #..
#.... ##.## ##.#
#... #..#


You could see a two-headed ogre and 3 yaks.

Vanquished Creatures
  A two-headed ogre (D:9)
  A kobold demonologist (D:9)
  5 yaks
  A warg (D:9)
  2 steam dragons (D:8)
  A water moccasin (D:6)
  An orc warrior (D:8)
  2 ice beasts (D:6)
  A black bear (D:4)
  3 ogres
  Pargi (Sewer)
  2 wolves (D:9)
  A phantom (D:5)
  2 kobold brigands
  2 bullfrogs
  3 scorpions
  2 killer bees (D:5)
  2 howler monkeys
  A crimson imp (D:4)
  5 hounds
  2 bombardier beetles
  2 jellies
  2 orc priests
  6 iguanas (D:5)
  A sleepcap (D:8)
  Jessica (D:2)
  Natasha (D:3)
  3 orc wizards
  11 gnolls
  17 adders
  2 white imps
  3 ufetubi (D:5)
  2 ribbon worms
  5 dart slugs
  32 orcs
  8 ball pythons
  5 bats
  7 endoplasms
  5 giant cockroaches
  14 goblins
  4 hobgoblins
  A jackal (D:5)
  13 kobolds
  4 quokkas
  4 frilled lizards
  3 rats
197 creatures vanquished.

Notes
Turn   | Place    | Note
-------+----------+-------------------------------------------
     0 | D:1      | qw the Deep Elf Hunter began the quest for the Orb.
     0 | D:1      | Reached XP level 1. HP: 12/12 MP: 3/3
     0 | D:1      | 0 ||| qw: Version: 0.3-a-155-g5e7d8dd
     0 | D:1      | 0 ||| qw: Game counter: 851
     0 | D:1      | 0 ||| qw: Melee chars always use a shield: true
     0 | D:1      | 0 ||| qw: God list: Okawaru
     0 | D:1      | 0 ||| qw: Allow faded altars: false
     0 | D:1      | 0 ||| qw: Do Orc after clearing Dungeon:15 true
     0 | D:1      | 0 ||| qw: Do second Lair branch before Depths: true
     0 | D:1      | 0 ||| qw: Lair rune preference: random
     0 | D:1      | 0 ||| qw: Goals: Normal
     0 | D:1      | 0 ||| PLANNING D:1-11
   121 | D:1      | Reached XP level 2. HP: 16/16 MP: 4/4
   128 | D:1      | Reached skill level 6 in Ranged Weapons
   423 | D:1      | 423 ||| UPGRADING to +0 ring mail.
   433 | D:1      | 433 ||| DROPPING +0 leather armour.
   434 | D:1      | 434 ||| UPGRADING to ring of protection from fire.
   435 | D:1      | 435 ||| READING scroll labelled QASAUSK TADD.
   435 | D:1      | 435 ||| ENCHANTING +0 ring mail.
   436 | D:1      | 436 ||| READING scroll labelled OTIAKK IQOVEV.
   436 | D:1      | 436 ||| IDENTIFYING white potion
   437 | D:1      | 437 ||| DRINKING 3 smoky clear potions.
   438 | D:1      | 438 ||| DROPPING scroll of butterflies.
   439 | D:1      | 439 ||| DROPPING potion of lignification.
   508 | D:2      | Noticed Jessica
   513 | D:2      | Reached XP level 3. HP: 20/20 MP: 5/5
   514 | D:2      | Killed Jessica
   515 | D:2      | Reached skill level 7 in Ranged Weapons
   713 | D:2      | Found a faded altar of an unknown god.
   728 | D:2      | Reached XP level 4. HP: 25/25 MP: 6/6
   868 | D:2      | Found a hide-covered altar of Uskayaw.
   974 | D:2      | 974 ||| READING scroll of enchant armour.
   974 | D:2      | 974 ||| ENCHANTING +1 ring mail.
  1302 | D:2      | 1302 ||| UPGRADING to +0 pair of boots.
  1307 | D:2      | 1307 ||| UPGRADING to +5 ring of evasion.
  1308 | D:2      | 1308 ||| READING scroll of identify.
  1308 | D:2      | 1308 ||| IDENTIFYING bubbling sapphire potion
  1309 | D:2      | 1309 ||| READING 2 scrolls labelled JEVVOKY OCHAE.
  1310 | D:2      | 1310 ||| READING 2 scrolls labelled MOJOUR ITUDODGH.
  1314 | D:2      | 1314 ||| DRINKING 2 fuming green potions.
  1315 | D:2      | 1315 ||| DRINKING 3 potions of curing.
  1315 | D:2      | 1315 ||| (to cure confusion)
  1316 | D:2      | 1316 ||| DRINKING 2 fizzy grey potions.
  1317 | D:2      | 1317 ||| FLEEEEING.
  1318 | D:2      | 1318 ||| FLEEEEING.
  1319 | D:2      | 1319 ||| FLEEEEING.
  1320 | D:2      | 1320 ||| FLEEEEING.
  1321 | D:2      | 1321 ||| FLEEEEING.
  1322 | D:2      | 1322 ||| FLEEEEING.
  1323 | D:2      | 1323 ||| FLEEEEING.
  1324 | D:2      | 1324 ||| FLEEEEING.
  1325 | D:2      | 1325 ||| FLEEEEING.
  1326 | D:2      | 1326 ||| FLEEEEING.
  1327 | D:2      | 1327 ||| FLEEEEING.
  1328 | D:2      | 1328 ||| FLEEEEING.
  1329 | D:2      | 1329 ||| FLEEEEING.
  1330 | D:2      | 1330 ||| FLEEEEING.
  1331 | D:2      | 1331 ||| FLEEEEING.
  1332 | D:2      | 1332 ||| FLEEEEING.
  1333 | D:2      | 1333 ||| FLEEEEING.
  1334 | D:2      | 1334 ||| FLEEEEING.
  1335 | D:2      | 1335 ||| FLEEEEING.
  1336 | D:2      | 1336 ||| FLEEEEING.
  1337 | D:2      | 1337 ||| FLEEEEING.
  1338 | D:2      | 1338 ||| FLEEEEING.
  1339 | D:2      | 1339 ||| FLEEEEING.
  1340 | D:2      | 1340 ||| STAIRDANCE
  1442 | D:1      | 1442 ||| DROPPING scroll of amnesia.
  1443 | D:1      | 1443 ||| DROPPING potion of brilliance.
  1444 | D:1      | 1444 ||| DROPPING potion of ambrosia.
  1445 | D:1      | 1445 ||| DROPPING potion of berserk rage.
  1735 | D:3      | Found a blossoming altar of Fedhas.
  1752 | D:3      | Reached skill level 8 in Ranged Weapons
  1799 | D:3      | Noticed Natasha
  1807 | D:3      | Killed Natasha
  1994 | D:3      | Reached XP level 5. HP: 29/29 MP: 7/7
  2408 | D:3      | 2408 ||| UPGRADING to +0 pair of gloves.
  2413 | D:3      | 2413 ||| READING scroll labelled XIUXY QOADD.
  2414 | D:3      | 2414 ||| DRINKING 2 puce potions.
  2545 | D:4      | Noticed a black bear
  2546 | D:4      | 2546 ||| DRINKING potion of haste.
  2556 | D:4      | Killed a black bear
  2557 | D:4      | Reached skill level 9 in Ranged Weapons
  2557 | D:4      | Reached XP level 6. HP: 24/34 MP: 8/8
  2562 | D:4      | 2562 ||| FLEEEEING.
  2563 | D:4      | 2563 ||| FLEEEEING.
  2565 | D:4      | 2565 ||| FLEEEEING.
  2566 | D:4      | 2566 ||| FLEEEEING.
  2567 | D:4      | 2567 ||| FLEEEEING.
  2568 | D:4      | 2568 ||| FLEEEEING.
  2569 | D:4      | 2569 ||| FLEEEEING.
  2570 | D:4      | 2570 ||| FLEEEEING.
  2571 | D:4      | 2571 ||| FLEEEEING.
  2572 | D:4      | 2572 ||| FLEEEEING.
  2573 | D:4      | 2573 ||| FLEEEEING.
  2574 | D:4      | 2574 ||| FLEEEEING.
  2575 | D:4      | 2575 ||| FLEEEEING.
  2576 | D:4      | 2576 ||| FLEEEEING.
  2580 | D:4      | 2580 ||| FLEEEEING.
  2583 | D:4      | 2583 ||| FLEEEEING.
  2584 | D:4      | 2584 ||| FLEEEEING.
  2585 | D:4      | 2585 ||| FLEEEEING.
  2586 | D:4      | 2586 ||| STAIRDANCE
  2607 | D:3      | 2607 ||| READING scroll labelled YCVORO NOES.
  2720 | D:4      | 2720 ||| FLEEEEING.
  2721 | D:4      | 2721 ||| FLEEEEING.
  2722 | D:4      | 2722 ||| FLEEEEING.
  2723 | D:4      | 2723 ||| FLEEEEING.
  2724 | D:4      | 2724 ||| FLEEEEING.
  2728 | D:4      | 2728 ||| FLEEEEING.
  2729 | D:4      | 2729 ||| FLEEEEING.
  2879 | D:4      | 2879 ||| FLEEEEING.
  2895 | D:4      | Reached skill level 1 in Armour
  2979 | D:4      | 2979 ||| FLEEEEING.
  2980 | D:4      | 2980 ||| FLEEEEING.
  3036 | D:4      | Reached skill level 10 in Ranged Weapons
  3245 | D:4      | Reached skill level 3 in Dodging
  3416 | D:4      | 3416 ||| READING 2 scrolls of identify.
  3416 | D:4      | 3416 ||| IDENTIFYING fizzy pink potion
  3417 | D:4      | 3417 ||| READING scroll of identify.
  3417 | D:4      | 3417 ||| IDENTIFYING blue potion
  3418 | D:4      | 3418 ||| READING scroll labelled DEOJYGI OTZISK.
  3418 | D:4      | 3418 ||| BRANDING +0 shortbow.
  3419 | D:4      | 3419 ||| DROPPING potion of magic.
  3441 | D:5      | Entered Level 5 of the Dungeon
  3468 | D:5      | Reached XP level 7. HP: 37/40 MP: 9/9
  3505 | D:5      | 3505 ||| RETREEEEATING.
  3510 | D:5      | Reached skill level 11 in Ranged Weapons
  3512 | D:5      | 3512 ||| RETREEEEATING.
  3513 | D:5      | 3513 ||| RETREEEEATING.
  3514 | D:5      | 3514 ||| RETREEEEATING.
  3515 | D:5      | 3515 ||| RETREEEEATING.
  3516 | D:5      | 3516 ||| RETREEEEATING.
  3517 | D:5      | 3517 ||| RETREEEEATING.
  3518 | D:5      | 3518 ||| RETREEEEATING.
  3519 | D:5      | 3519 ||| RETREEEEATING.
  3520 | D:5      | 3520 ||| RETREEEEATING.
  3521 | D:5      | 3521 ||| RETREEEEATING.
  3522 | D:5      | 3522 ||| RETREEEEATING.
  3523 | D:5      | 3523 ||| RETREEEEATING.
  3527 | D:5      | HP: 10/40 [killer bee (1)]
  3528 | D:5      | 3528 ||| READING scroll of teleportation.
  3529 | D:5      | 3529 ||| DRINKING potion of heal wounds.
  3553 | D:5      | 3553 ||| RETREEEEATING.
  3554 | D:5      | 3554 ||| RETREEEEATING.
  3572 | D:5      | Reached skill level 12 in Ranged Weapons
  3587 | D:5      | Reached skill level 3 in Fighting
  3587 | D:5      | Reached XP level 8. HP: 21/46 MP: 10/10
  3593 | D:5      | HP: 8/46 [ogre/+0 giant spiked club (15)]
  3598 | D:5      | HP: 2/46 [ogre/+0 giant spiked club (7)]
  4038 | D:5      | Found a broken altar of Ashenzari.
  4073 | D:5      | Reached skill level 13 in Ranged Weapons
  4097 | D:5      | Identified the +2 pair of gloves of Undesirable Species
                  | {rPois}
  4124 | D:5      | 4124 ||| FLEEEEING.
  4125 | D:5      | 4125 ||| FLEEEEING.
  4126 | D:5      | 4126 ||| FLEEEEING.
  4244 | D:5      | 4244 ||| UPGRADING to +2 pair of gloves of Undesirable
                  | Species {rPois}.
  4254 | D:5      | 4254 ||| DROPPING +0 pair of gloves.
  4255 | D:5      | 4255 ||| READING scroll labelled VIYNET JOITUUR.
  4256 | D:5      | 4256 ||| DRINKING 2 fuming inky potions.
  4264 | D:6      | 4264 ||| PLANNING SEWER
  4264 | D:6      | 4264 ||| STAIRDANCE
  4276 | D:6      | 4276 ||| READING scroll of enchant armour.
  4276 | D:6      | 4276 ||| ENCHANTING +0 pair of boots.
  4283 | D:6      | 4283 ||| READING scroll of brand weapon.
  4283 | D:6      | 4283 ||| BRANDING +0 shortbow of flaming.
  4462 | D:6      | Found a glowing drain.
  4466 | Sewer    | Entered a sewer
  4470 | Sewer    | Noticed Pargi
  4477 | Sewer    | Killed Pargi
  4478 | Sewer    | Reached skill level 14 in Ranged Weapons
  4635 | Sewer    | 4635 ||| DRINKING 3 emerald potions.
  4649 | D:6      | 4649 ||| PLANNING D:1-11
  4663 | D:6      | Found a hide-covered altar of Uskayaw.
  4725 | D:6      | Found a staircase to the Ecumenical Temple.
  4726 | D:6      | 4726 ||| PLANNING TEMPLE
  4731 | Temple   | Entered the Ecumenical Temple
  4732 | Temple   | 4732 ||| PLANNING OKAWARU WORSHIP
  4753 | Temple   | Became a worshipper of Warmaster Okawaru
  4754 | Temple   | 4754 ||| PLANNING D:1-11
  4840 | D:6      | Found a hazy altar of Hepliaklqana.
  4879 | D:6      | 4879 ||| RETREEEEATING.
  4885 | D:6      | 4885 ||| FLEEEEING.
  4931 | D:6      | Reached XP level 9. HP: 52/52 MP: 11/11
  4944 | D:6      | Found a runed translucent door.
  4944 | D:6      | Found a shimmering altar of Xom.
  4944 | D:6      | Noticed qw's ghost (novice GrHu)
  4944 | D:6      | Noticed a +0 whip of chaos
  4980 | D:6      | Found a runed translucent door.
  4981 | D:6      | Noticed Crazy Yiuf
  5131 | D:6      | 5131 ||| READING scroll of enchant armour.
  5131 | D:6      | 5131 ||| ENCHANTING +1 pair of boots.
  5186 | D:6      | 5186 ||| DROPPING ring of magical power.
  5187 | D:6      | 5187 ||| DRINKING 2 red potions.
  5188 | D:6      | 5188 ||| DROPPING potion of attraction.
  5272 | D:7      | Found an ornate altar of the Wu Jian Council.
  5313 | D:7      | Found a flagged portal.
  5351 | D:7      | Found a sacrificial altar of Ru.
  5788 | D:7      | 5788 ||| READING scroll labelled UJEETO USTRIAWK.
  5967 | D:8      | Reached * piety under Okawaru
  5968 | D:8      | Reached skill level 6 in Dodging
  6051 | D:8      | 6051 ||| RETREEEEATING.
  6059 | D:8      | 6059 ||| INVOKING Heroism.
  6073 | D:8      | Reached skill level 1 in Invocations
  6088 | D:8      | Reached skill level 3 in Invocations
  6091 | D:8      | HP: 11/53 [orc warrior/+0 halberd (7)]
  6092 | D:8      | 6092 ||| READING scroll of teleportation.
  6504 | D:8      | 6504 ||| FLEEEEING.
  6509 | D:8      | HP: 13/54 [orc warrior/+0 halberd (6)]
  6510 | D:8      | 6510 ||| READING scroll of teleportation.
  6765 | D:8      | 6765 ||| DROPPING +1 robe of cold resistance.
  6766 | D:8      | 6766 ||| UPGRADING to +0 helmet.
  6771 | D:8      | 6771 ||| READING scroll labelled IHIMEFONEG.
  6772 | D:8      | 6772 ||| READING scroll labelled IZOGUSSECRA.
  6897 | D:9      | Noticed a two-headed ogre
  6898 | D:9      | 6898 ||| INVOKING Heroism.
  6899 | D:9      | 6899 ||| DRINKING potion of haste.
  6910 | D:9      | Killed a two-headed ogre
  6911 | D:9      | Reached skill level 3 in Armour
  6911 | D:9      | Reached XP level 10. HP: 30/59 MP: 12/15
  6976 | D:9      | 6976 ||| RETREEEEATING.
  6977 | D:9      | 6977 ||| RETREEEEATING.
  6989 | D:9      | Reached ** piety under Okawaru
  7118 | D:9      | Found a staircase to the Orcish Mines.
  7399 | D:9      | Noticed a two-headed ogre
  7400 | D:9      | 7400 ||| RETREEEEATING.
  7402 | D:9      | 7402 ||| ZAPPING wand of light (8) at 1,-2 (two-headed
                  | ogre; open_door).
  7403 | D:9      | 7403 ||| INVOKING Heroism.
  7415 | D:9      | HP: 5/60 [two-headed ogre/+0 giant club (14)]
  7418 | D:9      | Slain by a yak

Levels and vault maps discovered:
D:1:      scummos_arrival_hexagon, layout_basic
D:2:      layout_basic, basic_altar, hellmonk_ecumenical_altar_slurped_away,
          kennysheep_jessica_study
D:3:      layout_loops_corners, lemuel_doored_altar, uniq_natasha
D:4:      minmay_inner_zag, layout_rooms, st_stairs_8, minmay_fire_ice_demons
D:5:      cheibrodos_fzero, layout_basic, mainiacjoe_overflow_brackets,
          nicolae_underground_beach
D:6:      layout_gridville, nicolae_uskayaw_murder_on_the_dancefloor,
          mainiacjoe_overflow_paths, minmay_temple_entry_enclosed_plants,
          mainiacjoe_sewer_entry_somewhere_in_here_1, ebering_ghost_xom,
          uniq_crazy_yiuf_cottage
D:7:      layout_loops_ring, nicolae_overflow_crystal_walls,
          mainiacjoe_overflow_cross_hatched, enter_bailey_5
D:8:      layout_rooms, chequers_garden
D:9:      minmay_the_grid_four_pointed_star_mashed
          [minmay_the_grid_triangle_9x9_swiss_cheese,
          minmay_the_grid_triangle_9x9_skeleton,
          minmay_the_grid_triangle_9x9_fully_insulated_deathbox,
          minmay_the_grid_triangle_9x9_longest,
          minmay_the_grid_prize_four_corners_diamond_a], layout_basic,
          minmay_orc_entry_guard_dogs, uniq_jeremiah
Temple:   hellmonk_temple_forest_ring

Skill      XL: |  1  2  3  4  5  6  7  8  9 10 |
---------------+-------------------------------+-----
Ranged Weapons | 6 7 8 9 10 12 14 | 14.0
Fighting       | 2 3 5 |  5.8
Armour         | 1 3 |  3.1
Dodging        | 3 5 7 8 |  8.0
Invocations    | 4 |  4.9
Stealth        | |  1.2

Action                     |  1- 3 |  4- 6 |  7- 9 | 10-12 || total
---------------------------+-------+-------+-------+-------++-------
   Fire: Shortbow          |    58 |   280 |   465 |    90 ||   893
 Invoke: Heroism           |       |       |     2 |     1 ||     3
  Evoke: Wand              |       |       |       |     1 ||     1
    Use: Scroll            |     2 |     9 |    10 |       ||    21
         Potion            |     1 |     5 |     5 |       ||    11
 Armour: Leather armour    |     6 |       |       |       ||     6
         Ring mail         |     3 |    81 |   141 |    34 ||   259
  Dodge: Dodged            |    13 |   118 |   277 |    77 ||   485

Table legend:
 A = Non-vault XP
 B = Vault XP
 C = Vault XP percentage of total XP
 D = Non-vault monster count
 E = Vault monster count
 F = Vault count percentage of total count
                 A         B        C        D         E       F
            +---------+---------+-------+---------+---------+-------
      Total |    5013 |    1747 |  25.8 |     145 |      52 |  26.4
            +---------+---------+-------+---------+---------+-------
        D:1 |      38 |       0 |   0.0 |      20 |       0 |   0.0
        D:2 |      45 |      41 |  47.7 |      12 |       3 |  20.0
        D:3 |      45 |      35 |  43.8 |      12 |       1 |   7.7
        D:4 |     299 |     225 |  42.9 |      32 |      10 |  23.8
        D:5 |     733 |     718 |  49.5 |      25 |      16 |  39.0
        D:6 |     538 |      23 |   4.1 |      12 |       5 |  29.4
        D:7 |     351 |       7 |   2.0 |       4 |       4 |  50.0
        D:8 |    1421 |       0 |   0.0 |      17 |       0 |   0.0
        D:9 |    1543 |     418 |  21.3 |      11 |       3 |  21.4
      Sewer |       0 |     280 | 100.0 |       0 |      10 | 100.0
            +---------+---------+-------+---------+---------+-------
